 Dungeon Crawl Stone Soup version 0.23-a0-622-g59b4ea9 (webtiles) character file.

8314 TheGoonsmith the Destroyer (level 11, 0/92 HPs)
             Began as a Black Draconian Conjurer on Dec 23, 2018.
             Was a Priest of Vehumet.
             Slain by a polar bear (21 damage)
             ... on level 10 of the Dungeon.
             The game lasted 00:29:31 (13600 turns).

TheGoonsmith the Destroyer (DrCj)                  Turns: 13600, Time: 00:29:32

Health: 0/92       AC: 15    Str: 11    XL:     11   Next: 8%
Magic:  3/22       EV: 15    Int: 18    God:    Vehumet [***...]
Gold:   361        SH:  0    Dex: 12    Spells: 7/25 levels left

rFire    . . .     SeeInvis .   j - +8 trident of Exquisite Death {pierce, MR+}
rCold    . . .     Gourm    .   (no shield)
rNeg     . . .     Faith    .   (armour unavailable)
rPois    .         Spirit   .   (helmet restricted)
rElec    +         Reflect  .   A - +1 cloak {MR+}
rCorr    .         Harm     .   z - +2 pair of gloves
MR       ++...                  (no boots)
Stlth    +++.......             (no amulet)
HPRegen  0.25/turn              v - +3 ring of protection
MPRegen  0.18/turn              g - ring of stealth

@: no status effects
A: breathe lightning, unfitting armour, electricity resistance, cold-blooded, AC
+7
a: Breathe Lightning, Renounce Religion


You were on level 10 of the Dungeon.
You worshipped Vehumet.
Vehumet was most pleased with you.
You were hungry.

You visited 3 branches of the dungeon, and saw 13 of its levels.

You collected 553 gold pieces.
You spent 192 gold pieces at shops.

Inventory:

Hand Weapons
 a - a +0 club
 h - a +1 great sword
 j - the +8 trident of Exquisite Death (weapon) {pierce, MR+}
   (You found it on level 5 of the Dungeon)

   It inflicts extra damage upon your enemies.
   It affects your resistance to hostile enchantments.
 p - a +0 whip
 y - a +0 flail
Armour
 z - a +2 pair of gloves (worn)
 A - a +1 cloak of magic resistance (worn)
Magical Staves
 D - an uncursed staff of energy
Jewellery
 g - a ring of stealth (right hand)
 v - a +3 ring of protection (left hand)
 B - an uncursed ring of fire {unknown}
Wands
 c - a wand of disintegration (25)
 w - a wand of clouds (6)
 x - a wand of iceblast (9)
Scrolls
 d - 5 scrolls of teleportation
 l - 10 scrolls of remove curse
 m - 3 scrolls of identify
 t - 2 scrolls of amnesia
Potions
 e - 4 potions of resistance
 f - 3 potions of flight
 i - a potion of might
 k - a potion of agility
 n - 2 potions of mutation
 q - 2 potions of lignification
 r - 2 potions of curing
 s - a potion of magic
 u - 2 potions of brilliance
 C - 2 potions of heal wounds
 F - a potion of ambrosia
 G - a potion of haste
Comestibles
 b - 22 rations
 o - 2 chunks of flesh


   Skills:
 + Level 7.4 Fighting
 - Level 2.1 Long Blades
 - Level 7.0 Dodging
 - Level 1.7 Stealth
 + Level 7.9 Spellcasting
 + Level 9.9 Conjurations
 - Level 4.0 Hexes
 - Level 4.0 Translocations


You had 7 spell levels left.
You knew the following spells:

 Your Spells              Type           Power        Failure   Level  Hunger
a - Magic Dart            Conj           ####         1%          1    None
b - Searing Ray           Conj           #####.       1%          2    None
c - Force Lance           Conj/Tloc      ####....     1%          4    ###....
s - Static Discharge      Conj/Air       ####....     1%          3    #......
x - Iskenderun's Mystic   Conj           #####...     1%          4    ###....
z - Fulminant Prism       Conj/Hex       ####......   1%          4    ###....

Your spell library contained the following spells:

 Spells                   Type           Power        Failure   Level  Hunger
 Dazzling Spray           Conj/Hex       ####..       1%          3    #......


Dungeon Overview and Level Annotations

Branches:
Dungeon (11/15)            Temple (1/1) D:5            Lair (1/6) D:10
    Orc: D:9-12

Altars:
Ashenzari
Cheibriados
Dithmenos
Elyvilon
Fedhas
Gozag
Hepliaklqana
Kikubaaqudgha
Makhleb
Nemelex Xobeh
Okawaru
Qazlal
Ru
Sif Muna
Trog
Uskayaw
Vehumet
Wu Jian
Xom
Yredelemnul
Zin
The Shining One

Shops:
D:4 [   D:5 (?:

Annotations:
D:4 Robin


Innate Abilities, Weirdness & Mutations

You can breathe wild blasts of lightning.
Your glossy black scales are hard. (AC +7)
You cannot fit into any form of body armour.
You are resistant to electric shocks. (rElec)
You are cold-blooded and may be slowed by cold attacks.


Message History

The polar bear bites you but does no damage.
The polar bear claws you but does no damage.
The polar bear closely misses you.
You climb upwards.
Welcome back to the Dungeon!
There is a staircase to the Lair here.
Evoke which item? (* to show all) (? for menu, Esc to quit)
Okay, then.
You closely miss the polar bear.
The polar bear is severely wounded.
The polar bear bites you!!
* * * LOW HITPOINT WARNING * * *
The polar bear barely misses you. The polar bear closely misses you.
The komodo dragon bites you!
* * * LOW HITPOINT WARNING * * *
The polar bear bites you but does no damage.
The polar bear claws you but does no damage.
The polar bear completely misses you.
You feel much better. The komodo dragon closely misses you.
The polar bear bites you!!
You die...

..# #...........##.
..########### #...≈.......###
####........# #...........# #
####[.......# #...........# #
...#........# #...........#
##.#........# ###'##......#
....#....#### #.#########
....#....# #### #......#####
≈...#....# ####l@# ###........#
≈...#...## #...h## #........#
....#...####....# #..[.....#
....#...........##########'#####
....'...≈≈≈.....'......[...#
..).#..≈≈≈≈.....############
#####..≈≈≈≈.....# ##.≈≈≈......#
#..≈......##


You could see a polar bear (berserk) and a komodo dragon.

Vanquished Creatures
  Harold (D:8)
  Pikel (D:8)
  Maurice (D:8)
  A troll (D:9)
  3 polar bears (Lair:1)
  2 hippogriffs
  A hungry ghost (D:4)
  A steam dragon (D:10)
  A water moccasin (Lair:1)
  Duvessa (D:4)
  2 orc warriors (D:8)
  3 ice beasts
  4 phantoms
  3 sky beasts
  A slave (D:8)
  3 ogres
  5 centaurs
  2 big kobolds (D:10)
  7 bullfrogs
  A wyvern zombie (D:7)
  3 jellies
  5 scorpions
  Dowan (D:4)
  11 killer bees
  5 wights (D:9)
  4 howler monkeys
  4 crimson imps
  2 bullfrog zombies
  A quasit (D:11)
  2 bullfrog skeletons
  2 centaur zombies
  9 hounds
  2 orc priests
  A centaur skeleton (D:7)
  Jessica (D:2)
  5 iguanas
  Natasha (thrice) (D:2)
  10 worker ants
  4 orc wizards
  A hound zombie (D:7)
  4 gnolls
  9 adders
  2 shadow imps
  An ooze (D:1)
  2 adder skeletons
  4 worms
  2 dart slugs (D:1)
  7 leopard geckos
  20 orcs
  6 bats
  9 giant cockroaches
  17 goblins
  11 hobgoblins
  12 jackals
  4 quokkas
  4 frilled lizards
  8 kobolds
  2 leopard gecko skeletons
  A quokka skeleton (D:8)
  A quokka zombie (D:6)
  5 rats
251 creatures vanquished.

Vanquished Creatures (others)
  An unseen horror (D:11)
  A slave (D:8)
  18 fulminant prisms
  A plant (Lair:1)
21 creatures vanquished.

Grand Total: 272 creatures vanquished

Notes
Turn   | Place    | Note
-------+----------+-------------------------------------------
     0 | D:1      | TheGoonsmith the Draconian Conjurer began the quest for the
                  | Orb.
     0 | D:1      | Reached XP level 1. HP: 14/14 MP: 3/3
    70 | D:1      | Reached skill level 1 in Fighting
    70 | D:1      | Reached XP level 2. HP: 23/23 MP: 0/5
   453 | D:1      | Reached XP level 3. HP: 27/28 MP: 0/6
   643 | D:1      | Learned a level 2 spell: Searing Ray
  1405 | D:2      | Reached XP level 4. HP: 24/36 MP: 3/8
  1561 | D:2      | Noticed Jessica
  1563 | D:2      | Killed Jessica
  1597 | D:2      | Noticed Natasha
  1609 | D:2      | Killed Natasha
  1609 | D:2      | Reached skill level 5 in Conjurations
  1615 | D:2      | Learned a level 4 spell: Iskenderun's Mystic Blast
  1647 | D:2      | Noticed Natasha
  1656 | D:2      | Killed Natasha
  1656 | D:2      | Reached XP level 5. HP: 37/41 MP: 1/9
  1735 | D:2      | HP: 1/41 [acid (8)]
  1919 | D:2      | Noticed Natasha
  1922 | D:2      | Killed Natasha
  2630 | D:3      | Reached XP level 6. HP: 48/48 MP: 4/11
  2725 | D:3      | Learned a level 4 spell: Fulminant Prism
  2731 | D:3      | Found a white marble altar of Elyvilon.
  3602 | D:4      | Reached skill level 1 in Hexes
  3755 | D:4      | Reached skill level 6 in Conjurations
  3759 | D:4      | Noticed Robin
  4073 | D:4      | Noticed a hungry ghost
  4080 | D:4      | Killed a hungry ghost
  4080 | D:4      | Your scales start taking on a glossy black colour.
  4080 | D:4      | Reached XP level 7. HP: 55/55 MP: 3/13
  4080 | D:4      | Gained mutation: You are resistant to electric shocks.
                  | (rElec) [Black Draconian growth]
  4154 | D:4      | Found Urirraju's Armour Shop.
  4524 | D:4      | Noticed Dowan
  4540 | D:4      | Killed Dowan
  4601 | D:4      | Noticed Duvessa
  4651 | D:4      | HP: 1/55 [Duvessa/+0 short sword (10)]
  4665 | D:4      | Killed Duvessa
  5058 | D:4      | Reached XP level 8. HP: 61/61 MP: 4/15
  5261 | D:4      | Reached skill level 5 in Spellcasting
  5364 | D:5      | Entered Level 5 of the Dungeon
  5406 | D:5      | Learned a level 4 spell: Force Lance
  5418 | D:5      | Reached skill level 7 in Conjurations
  5531 | D:5      | Found Woqa's Book Emporium.
  5613 | D:5      | Found a staircase to the Ecumenical Temple.
  5634 | Temple   | Entered the Ecumenical Temple
  5771 | Temple   | Became a worshipper of Vehumet
  5998 | D:5      | Got a faintly glowing trident
  6042 | D:5      | Found Gywoer's Magic Scroll Emporium.
  6126 | D:5      | Bought a scroll of identify for 22 gold pieces
  6126 | D:5      | Bought a scroll of identify for 22 gold pieces
  6126 | D:5      | Bought 2 scrolls of teleportation for 66 gold pieces
  6126 | D:5      | Bought a scroll of blinking for 82 gold pieces
  6390 | D:5      | Found Pilenur's Weapon Shop.
  7062 | D:6      | Reached XP level 9. HP: 71/71 MP: 8/17
  7289 | D:6      | Reached skill level 8 in Conjurations
  7401 | D:6      | Reached skill level 5 in Fighting
  7431 | D:6      | Reached * piety under Vehumet
  7431 | D:6      | Offered knowledge of Flame Tongue by Vehumet.
  7675 | D:7      | Identified the +8 trident of Exquisite Death {pierce, MR+}
                  | (You found it on level 5 of the Dungeon)
  7682 | D:7      | Reached skill level 1 in Long Blades
  7691 | D:7      | Reached skill level 1 in Translocations
  9457 | D:8      | Reached skill level 5 in Dodging
  9608 | D:8      | Reached ** piety under Vehumet
  9608 | D:8      | Offered knowledge of Throw Frost by Vehumet.
  9768 | D:8      | Noticed Pikel
  9780 | D:8      | Killed Pikel
  9780 | D:8      | Reached XP level 10. HP: 63/83 MP: 6/20
  9913 | D:8      | Noticed Maurice
  9921 | D:8      | Killed Maurice
  9921 | D:8      | Reached skill level 9 in Conjurations
 10446 | D:8      | Noticed Harold
 10467 | D:8      | Killed Harold
 11115 | D:9      | Found a burning altar of Makhleb.
 12112 | D:9      | Found a deep blue altar of Sif Muna.
 12138 | D:10     | Entered Level 10 of the Dungeon
 12226 | D:10     | Offered knowledge of Static Discharge by Vehumet.
 12286 | D:10     | Learned a level 3 spell: Static Discharge
 12463 | D:10     | Found a staircase to the Lair.
 12753 | D:10     | Reached *** piety under Vehumet
 13113 | D:11     | Noticed a manticore
 13122 | D:11     | Killed an unseen horror
 13360 | Lair:1   | Entered Level 1 of the Lair of Beasts
 13442 | Lair:1   | Reached XP level 11. HP: 87/92 MP: 13/22
 13600 | D:10     | Slain by a polar bear

Vault maps used:
D:1:      mainiacjoe_arrival_reflecting_pool, hangedman_decor_lopped,
          grunt_decor_cap, minmay_split_cup_large
D:2:      kennysheep_the_goblin_king, first_ration, hex_intersection,
          uniq_natasha, uniq_jessica
D:3:      elyvilon_altar_5
D:4:      serial_shops, nicolae_shop_behind_doors, st_stairs_9,
          minmay_stone_trees_small, uniq_robin, uniq_duvessa
D:5:      minmay_temple_entry_grid, serial_shops, shop, shop_statue,
          nicolae_shop_waterfront, serial_glass, glass_columns_b,
          glass_columns_a, glass_columns_a, glass_columns_b, glass_columns_a,
          glass_columns_a, glass_columns_b, glass_columns_a
D:6:      bh_walls_and_bars
D:8:      uniq_pikel, uniq_harold, uniq_maurice
D:9:      basic_altar, lemuel_blue_sif_altar
D:10:     lair_entry_dummy
D:11:     portal_ice_cave_rime, uniq_erolcha, uniq_erica
Temple:   kilobyte_greek_temple
Lair:1:   minivault_26, cheibrodos_lair_lostbears

Skill      XL: |  1  2  3  4  5  6  7  8  9 10 |
---------------+-------------------------------+-----
Fighting       | 1 2 4 6 7 |  7.4
Spellcasting   | 3 4 5 6 7 |  7.9
Conjurations   | 5 6 7 8 9 |  9.9
Dodging        | 2 3 4 5 7 |  7.0
Hexes          | 1 2 4 |  4.0
Long Blades    | 2 |  2.1
Translocations | 3 4 |  4.0
Stealth        | |  1.7

Action                   |  1- 3 |  4- 6 |  7- 9 | 10-12 || total
-------------------------+-------+-------+-------+-------++-------
Melee: Club              |    41 |       |       |       ||    41
       Tailslap          |     2 |     2 |     8 |     7 ||    19
       Whip              |     7 |    23 |       |       ||    30
       Flail             |       |     4 |    18 |       ||    22
       Great sword       |       |       |    30 |       ||    30
       Trident           |       |       |    13 |    71 ||    84
 Cast: Magic Dart        |    65 |   127 |   308 |   105 ||   605
       Searing Ray       |       |     8 |    39 |    26 ||    73
       Fulminant Prism   |       |       |     3 |    15 ||    18
  Use: Scroll            |     3 |     6 |    10 |     5 ||    24
       Potion            |       |     2 |     7 |     1 ||    10
 Stab: Sleeping          |       |       |       |     1 ||     1
  Eat: Chunk             |     2 |     7 |    10 |     9 ||    28
       Ration            |       |     1 |     2 |     1 ||     4
Armor: Skin              |    24 |    16 |    75 |    53 ||   168
Dodge: Dodged            |    38 |    34 |   171 |   132 ||   375
       Rpst.: Great sword |       |       |    32 |       ||    32

Table legend:
 A = Non-vault XP
 B = Vault XP
 C = Vault XP percentage of total XP
 D = Non-vault monster count
 E = Vault monster count
 F = Vault count percentage of total count
                 A         B        C        D         E       F
            +---------+---------+-------+---------+---------+-------
      Total |    8529 |    3349 |  28.2 |     223 |      27 |  10.8
            +---------+---------+-------+---------+---------+-------
        D:1 |      66 |       6 |   8.3 |      27 |       4 |  12.9
        D:2 |     223 |      83 |  27.1 |      29 |       9 |  23.7
        D:3 |      84 |       2 |   2.3 |      11 |       1 |   8.3
        D:4 |     779 |     278 |  26.3 |      21 |       7 |  25.0
        D:5 |     776 |       0 |   0.0 |      18 |       0 |   0.0
        D:6 |    1082 |       0 |   0.0 |      23 |       0 |   0.0
        D:7 |    1832 |       0 |   0.0 |      32 |       0 |   0.0
        D:8 |     805 |    2127 |  72.5 |      16 |       3 |  15.8
        D:9 |    1426 |       0 |   0.0 |      20 |       0 |   0.0
       D:10 |    1251 |       0 |   0.0 |      24 |       0 |   0.0
       D:11 |      46 |       0 |   0.0 |       1 |       0 |   0.0
     Lair:1 |     159 |     853 |  84.3 |       1 |       3 |  75.0
            +---------+---------+-------+---------+---------+-------
